 Dungeon Crawl Stone Soup version 0.18-a0-952-g309898a (webtiles) character file.

240 tof the Ducker (level 5, 0/42 HPs)
             Began as a Demonspawn Monk on Dec 30, 2015.
             Slain by a wight
             ... wielding a +2 flail of freezing
              (2 damage)
             ... on level 5 of the Dungeon.
             The game lasted 00:14:20 (3947 turns).

tof the Ducker (Demonspawn Monk)                    Turns: 3947, Time: 00:14:20

Health: 0/42       AC: 14    Str: 11    XL:     5   Next: 79%
Magic:  5/5        EV: 11    Int: 12    God:
Gold:   231        SH:  0    Dex: 14    Spells: 0 memorised, 4 levels left

rFire  . . .     SeeInvis .     l - -1 spear (curse)
rCold  . . .     Gourm    .     f - +0 leather armour
rNeg   . . .     Faith    .     (no shield)
rPois  .         Spirit   .     n - +2 helmet
rElec  .         Dismiss  .     (no cloak)
rCorr  .         Reflect  .     h - +0 pair of gloves
SustAt .         Harm     .     (no boots)
MR     .....                    (no amulet)
Stlth  +.........               (no ring)
                                b - ring of flight

@: very heavily drained, not resistant to hostile enchantments, very unstealthy
A: hooves 1, rough black scales 2
a: Evoke Flight


You were on level 5 of the Dungeon.
You were not hungry.

You visited 1 branch of the dungeon, and saw 5 of its levels.

You collected 231 gold pieces.

Inventory:

Hand Weapons
 d - a +0 hand axe
 l - a cursed -1 spear (weapon)
 o - a +2 dagger of draining
Missiles
 a - 22 arrows
 e - 102 stones (quivered)
 s - 13 bolts
Armour
 f - a +0 leather armour (worn)
 h - a +0 pair of gloves (worn)
 n - a +2 helmet (worn)
Jewellery
 b - a ring of flight (left hand)
Wands
 v - a wand of cold (4/15)
Scrolls
 i - a scroll of amnesia
 r - a scroll of identify
Comestibles
 g - 2 beef jerkies
 q - 6 chunks of flesh
 u - 2 fruits


   Skills:
 + Level 3.7(0.7) Fighting
 + Level 0.5(0.0) Axes
 + Level 0.8(0.0) Polearms
 + Level 2.2(0.0) Armour
 + Level 4.2(1.2) Dodging
 + Level 2.4(0.0) Stealth
 + Level 3.8(0.7) Unarmed Combat


You had 4 spell levels left.
You didn't know any spells.

Dungeon Overview and Level Annotations

Branches:
Dungeon (5/15)
 Temple: D:4-7

Altars:

Annotations:
D:1 items
D:4 PinkishYellow's ghost, amateur FoFi


Innate Abilities, Weirdness & Mutations

You have large cloven feet.
You are mostly covered in rough black scales (AC +7, Dex -2).


Message History

The wight is moderately damaged.
The wight hits you but does no damage.
You hit the wight. You kick the wight, but do no damage.
The wight is heavily damaged.
The wight hits you but does no damage.
You hit the wight but do no damage. Your kick misses the wight.
The wight is heavily damaged.
The wight barely misses you.
You hit the wight but do no damage. You kick the wight, but do no damage.
The wight is heavily damaged.
The wight hits you with a flail of freezing!
* * * LOW HITPOINT WARNING * * *
You feel drained.
* * * LOW HITPOINT WARNING * * *
The wight freezes you.
* * * LOW HITPOINT WARNING * * *
You hit the wight. You kick the wight, but do no damage.
The wight is severely damaged.
The wight hits you with a flail of freezing.
You die...

#.....# #.....#..#
#.....#..#
#.....#.. #
#.....#.##.# #
#........#.#.#
#)###........
##.###z....##.#
#..@zzz.......#
#......####...####
#...#.## #...#
#...#. #...# #..
#. .?.... #. ..
.)..... #. ##
?.........
..........
#!.........


You could see 4 wights.

Vanquished Creatures
  2 hounds (D:5)
  A giant frog skeleton (D:4)
  Jessica (D:2)
  Robin (D:2)
  A worker ant zombie (D:5)
  3 adders
  2 worms
  7 orcs
  3 ball pythons
  7 bats
  2 giant cockroaches (D:1)
  10 hobgoblins
  3 kobolds
  A giant gecko (D:5)
  A giant gecko skeleton (D:5)
  6 giant newts
  12 goblins
  4 rats
67 creatures vanquished.

Notes
Turn   | Place    | Note
--------------------------------------------------------------
     0 | D:1      | tof the Demonspawn Monk began the quest for the Orb.
     0 | D:1      | Reached XP level 1. HP: 18/18 MP: 1/1
   374 | D:1      | Gained mutation: You have large cloven feet. [demonic ancestry]
   374 | D:1      | Reached XP level 2. HP: 24/24 MP: 2/2
  1521 | D:2      | Gained mutation: You are partially covered in rough black scales (AC +4, Dex -1). [demonic ancestry]
  1521 | D:2      | Reached XP level 3. HP: 20/29 MP: 3/3
  1875 | D:2      | Noticed Jessica
  1894 | D:2      | Killed Jessica
  1894 | D:2      | Reached skill level 1 in Armour
  2054 | D:2      | Reached XP level 4. HP: 33/35 MP: 4/4
  2062 | D:2      | Noticed Robin
  2250 | D:2      | Killed Robin
  3616 | D:3      | You fall through a shaft!
  3653 | D:4      | Gained mutation: You are mostly covered in rough black scales (AC +7, Dex -2). [demonic ancestry]
  3653 | D:4      | Reached XP level 5. HP: 25/41 MP: 5/5
  3665 | D:4      | Noticed PinkishYellow's ghost (amateur FoFi)
  3704 | D:5      | Entered Level 5 of the Dungeon
  3786 | D:5      | Reached skill level 4 in Dodging
  3946 | D:5      | HP: 2/42 [wight/flail of freezing (1)]
  3947 | D:5      | Slain by a wight

Vault maps used:
D:1:      lightli_arrival_statuegarden, due_unseen_surprise
D:2:      uniq_jessica, uniq_robin
D:3:      kennysheep_generic_room_4
D:4:      lemuel_upstairs_altar, minmay_temple_entry_junction,
          nicolae_ossuary_entry_giza, st_stairs_5
D:5:      first_bread, basic_altar

Action                   |  1- 3 |  4- 6 || total
-------------------------+-------+-------++-------
Melee: Hand axe          |    88 |       ||    88
       Spear             |    15 |   361 ||   376
  Use: Scroll            |     2 |     1 ||     3
       Potion            |       |     7 ||     7
 Stab: Sleeping          |     4 |     1 ||     5
  Eat: Bread ration      |     1 |       ||     1
       Chunk             |       |     6 ||     6
